 Dungeon Crawl Stone Soup version 0.29.0-4-gdea44cf6ec (webtiles) character file.

Game seed: 2707552439202583823

397 qw the Chopper (level 6, 0/36 HPs)
             Began as a Tengu Warper on Aug 28, 2022.
             Was an Initiate of Okawaru.
             Succumbed to Ijyb's poison
             ... on level 5 of the Dungeon.
             The game lasted 00:00:25 (3571 turns).

qw the Chopper (Tengu Warper)                       Turns: 3571, Time: 00:00:25

Health: 0/36       AC: 10    Str: 14    XL:     6   Next: 83%
Magic:  10/10      EV:  8    Int: 13    God:    Okawaru [......]
Gold:   252        SH:  0    Dex: 13    Spells: 9/9 levels left

rFire   + . .      SeeInvis .   Y - +0 hand axe
rCold   . . .      Faith    .   (no shield)
rNeg    . . .      Spirit   .   k - +0 chain mail
rPois   .          Reflect  .   (helmet restricted)
rElec   .          Harm     .   c - +0 cloak of Apathy {Rampage rF+ Regen+}
rCorr   .          Rampage  +   (no gloves)
Will    .....                   (boots unavailable)
Stlth   ..........              h - amulet of regeneration
HPRegen 1.72/turn               (no ring)
MPRegen 0.12/turn               (no ring)

@: lethally poisoned (0 -> -7), flying quickly and evasively, quick
A: beak, talons 3, nimble flight
a: Renounce Religion


You were on level 5 of the Dungeon.
You worshipped Okawaru.
Okawaru was noncommittal.
You visited 1 branch of the dungeon, and saw 5 of its levels.

You collected 252 gold pieces.


Innate Abilities, Weirdness & Mutations

You have a beak for a mouth.
You have claws for feet.
Your magical nature lets you fly swiftly and evasively.


   Skills:
 + Level 2.8 Fighting
 - Level 7.0 Axes
 - Level 1.0 Throwing
 - Level 2.5 Armour
 - Level 2.1 Dodging
 - Level 2.0 Spellcasting
 - Level 2.4 Translocations


You had 9 spell levels left.
You didn't know any spells.
Your spell library contained the following spells:

 Spells                   Type           Power      Damage    Failure   Level
 Blink                    Tloc           14%        N/A       98%         2
 Gell's Gravitas          Tloc           7%         N/A       100%        3
 Lesser Beckoning         Tloc           7%         N/A       100%        3
 Teleport Other           Tloc           7%         N/A       100%        3
 Manifold Assault         Tloc           7%         N/A       100%        5

Inventory:

Hand Weapons
 j - a +0 flail
 Y - a +0 hand axe (weapon)
Armour
 c - the +0 cloak of Apathy (worn) {Rampage rF+ Regen+}
   (You acquired it on level 2 of the Dungeon)

   rF:        It protects you from fire.
   Regen:     It increases your rate of health regeneration.
   Rampage:   It bestows one free step when moving towards enemies.
 k - a +0 chain mail (worn)
Jewellery
 h - an amulet of regeneration (around neck)
Scrolls
 a - 4 scrolls of identify
Potions
 f - a potion of haste
 g - 2 potions of curing

Dungeon Overview and Level Annotations

Branches:
Dungeon (5/15)
 Temple: D:4-7

Altars:
Dithmenos
Fedhas
Okawaru
Vehumet

Annotations:
D:4 1 runed translucent door, qw's ghost, amateur TeWr
D:5 Ijyb


Message History

You feel very sick. Ijyb barely misses you.
You hit Ijyb but do no damage. You claw Ijyb, but do no damage.
You feel sick.
Ijyb zaps a wand.
The puff of flame hits you but does no damage.
You hit Ijyb. Your kick misses Ijyb.
Ijyb is lightly wounded.
You feel sick. Ijyb hits you but does no damage.
You hit Ijyb. You claw Ijyb, but do no damage.
Ijyb is lightly wounded.
You feel sick.
Ijyb zaps a wand.
The puff of flame hits you. You resist.
You completely miss Ijyb. You punch Ijyb, but do no damage.
Ijyb is lightly wounded.
You feel sick.
Ijyb hits you with a +1 dagger of venom.
You are more poisoned.
You hit Ijyb. You claw Ijyb, but do no damage.
Ijyb is lightly wounded.
You feel very sick.
Ijyb zaps a wand.
The puff of flame hits you. You resist.
You barely miss Ijyb. You peck Ijyb, but do no damage. Your punch misses Ijyb.
Ijyb is lightly wounded.
You feel sick.
Ijyb zaps a wand.
The puff of flame hits you. You resist.
You slash Ijyb! Your kick misses Ijyb.
Ijyb is heavily wounded.
You feel sick.
Ijyb hits you with a +1 dagger of venom.
You are more poisoned.
You barely miss Ijyb. You claw Ijyb, but do no damage.
Ijyb is heavily wounded.
You feel very sick.
Ijyb zaps a wand.
The puff of flame hits you. You resist.
You hit Ijyb but do no damage.
Ijyb is heavily wounded.
You feel sick.
Ijyb hits you with a +1 dagger of venom.
You are lethally poisoned!
You hit Ijyb but do no damage.
Ijyb is heavily wounded.
You die...

####'## #.... #...#
#.... #...# #....
#...# #.... #...#
#....######.###
#....#....#...#
#....#....#...#
+...g@....#...#
#....#....#...#
#....#..####.#######
#....##..####.#.....#
#....#...#....#.....#
+....#...#....#.....+
#... #...#....#.....#
#... #...#....'.....#
#...###'##.....#


You could see Ijyb.

Vanquished Creatures
  2 scorpions (D:4)
  A necrophage (D:5)
  An orc priest (D:4)
  A hound (D:4)
  5 adders
  A shadow imp (D:4)
  3 worms
  3 dart slugs
  12 orcs (D:4)
  2 endoplasms (D:1)
  4 giant cockroaches
  5 goblins
  5 hobgoblins
  4 jackals (D:2)
  3 kobolds
  3 quokkas
  16 ball pythons
  3 bats
  3 frilled lizards
  6 rats
83 creatures vanquished.

Notes
Turn   | Place    | Note
-------+----------+-------------------------------------------
     0 | D:1      | qw the Tengu Warper began the quest for the Orb.
     0 | D:1      | Reached XP level 1. HP: 12/12 MP: 4/4
     0 | D:1      | 0 ||| qw: Version: 0.1-a-89-g26bdef1
     0 | D:1      | 0 ||| qw: Game counter: 2313
     0 | D:1      | 0 ||| qw: Always use a shield: true
     0 | D:1      | 0 ||| qw: God list: Okawaru
     0 | D:1      | 0 ||| qw: Allow faded altars: false
     0 | D:1      | 0 ||| qw: Do Orc after D:15 true
     0 | D:1      | 0 ||| qw: Do second Lair branch before Depths: true
     0 | D:1      | 0 ||| qw: Lair rune preference: random
     0 | D:1      | 0 ||| qw: Plans: Normal
     0 | D:1      | 0 ||| PLANNING D:1-11
    64 | D:1      | 64 ||| Stepping ~*~*~tactically~*~*~ (stealth).
    67 | D:1      | 67 ||| Stepping ~*~*~tactically~*~*~ (stealth).
    68 | D:1      | 68 ||| Stepping ~*~*~tactically~*~*~ (stealth).
    78 | D:1      | Reached XP level 2. HP: 8/17 MP: 6/6
   248 | D:1      | Reached skill level 3 in Axes
   716 | D:1      | 716 ||| UPGRADING to +0 scale mail.
   726 | D:1      | 726 ||| DROPPING +0 leather armour.
   727 | D:1      | 727 ||| READING 2 scrolls labelled ZAEZOE ROTOC.
   728 | D:1      | 728 ||| DRINKING 2 glowing sapphire potions.
   729 | D:1      | 729 ||| DROPPING scroll of blinking.
   766 | D:2      | 766 ||| STAIRDANCE
   819 | D:2      | Reached skill level 4 in Axes
   819 | D:2      | Reached XP level 3. HP: 21/21 MP: 7/7
   868 | D:2      | 868 ||| Stepping ~*~*~tactically~*~*~ (stealth).
   869 | D:2      | 869 ||| Stepping ~*~*~tactically~*~*~ (stealth).
   925 | D:2      | 925 ||| Stepping ~*~*~tactically~*~*~ (stealth).
  1023 | D:2      | Found a faded altar of an unknown god.
  1060 | D:2      | 1060 ||| Stepping ~*~*~tactically~*~*~ (hiding).
  1199 | D:2      | Reached XP level 4. HP: 24/26 MP: 8/8
  1563 | D:2      | 1563 ||| DROPPING +0 club.
  1687 | D:2      | 1687 ||| UPGRADING to amulet of regeneration.
  1692 | D:2      | 1692 ||| READING scroll labelled JEBOUDWEUSH.
  1692 | D:2      | Identified a scroll of acquirement
  1692 | D:2      | 1692 ||| ACQUIRING +0 cloak of Apathy {Rampage rF+ Regen+}
  1692 | D:2      | Acquired the +0 cloak of Apathy {Rampage rF+ Regen+}
  1694 | D:2      | 1694 ||| UPGRADING to +0 cloak of Apathy {Rampage rF+
                  | Regen+}.
  1699 | D:2      | 1699 ||| READING 2 scrolls of identify.
  1699 | D:2      | 1699 ||| IDENTIFYING pink potion
  1700 | D:2      | 1700 ||| DROPPING potion of degeneration.
  1787 | D:3      | 1787 ||| Stepping ~*~*~tactically~*~*~ (stealth).
  1797 | D:3      | Reached skill level 5 in Axes
  2069 | D:3      | Found a radiant altar of Vehumet.
  2070 | D:3      | Found a blossoming altar of Fedhas.
  2190 | D:3      | 2190 ||| DRINKING 3 smoky yellow potions.
  2236 | D:3      | 2236 ||| Stepping randomly (stuck).
  2302 | D:3      | 2302 ||| Stepping randomly (stuck).
  2366 | D:4      | Gained mutation: Your magical nature lets you fly swiftly
                  | and evasively. [Tengu growth]
  2366 | D:4      | Reached XP level 5. HP: 30/30 MP: 9/9
  2378 | D:4      | 2378 ||| Stepping ~*~*~tactically~*~*~ (stealth).
  2401 | D:4      | 2401 ||| Stepping ~*~*~tactically~*~*~ (stealth).
  2450 | D:4      | 2450 ||| Stepping ~*~*~tactically~*~*~ (stealth).
  2451 | D:4      | 2451 ||| Stepping ~*~*~tactically~*~*~ (stealth).
  2541 | D:4      | Reached skill level 6 in Axes
  2552 | D:4      | 2552 ||| DROPPING +0 whip.
  2554 | D:4      | 2554 ||| Stepping ~*~*~tactically~*~*~ (stealth).
  2556 | D:4      | 2556 ||| Stepping ~*~*~tactically~*~*~ (stealth).
  2558 | D:4      | 2558 ||| Stepping ~*~*~tactically~*~*~ (stealth).
  2567 | D:4      | Reached XP level 6. HP: 25/35 MP: 10/10
  2571 | D:4      | 2571 ||| FLEEEEING.
  2576 | D:4      | 2576 ||| Stepping ~*~*~tactically~*~*~ (stealth).
  2577 | D:4      | 2577 ||| Stepping ~*~*~tactically~*~*~ (stealth).
  2580 | D:4      | 2580 ||| Stepping ~*~*~tactically~*~*~ (stealth).
  2633 | D:4      | 2633 ||| Stepping ~*~*~tactically~*~*~ (stealth).
  2706 | D:4      | Reached skill level 7 in Axes
  2843 | D:4      | 2843 ||| Stepping ~*~*~tactically~*~*~ (stealth).
  3058 | D:4      | Found a runed translucent door.
  3060 | D:4      | Noticed qw's ghost (amateur TeWr)
  3198 | D:4      | 3198 ||| UPGRADING to +0 chain mail.
  3208 | D:4      | 3208 ||| DROPPING +0 scale mail.
  3209 | D:4      | 3209 ||| READING scroll labelled ILUM QATRY.
  3210 | D:4      | 3210 ||| READING scroll labelled CEPAIKHL GARYG.
  3332 | D:4      | 3332 ||| Stepping ~*~*~tactically~*~*~ (stealth).
  3384 | D:3      | Found an iron altar of Okawaru.
  3384 | D:3      | Found a shadowy altar of Dithmenos.
  3389 | D:3      | Became a worshipper of Warmaster Okawaru
  3426 | D:5      | Entered Level 5 of the Dungeon
  3546 | D:5      | Noticed Ijyb
  3547 | D:5      | 3547 ||| Stepping ~*~*~tactically~*~*~ (hiding).
  3569 | D:5      | HP: 8/36 [Ijyb/puff of flame (4)]
  3570 | D:5      | HP: 3/36 [Ijyb/+1 dagger of venom (5)]
  3571 | D:5      | Succumbed to Ijyb's poison

Levels and vault maps discovered:
D:1:      dpeg_arrival_castle, layout_rooms
D:2:      layout_loops_ring, ebering_ecumenical_altar_petrified,
          chequers_serial_rivers_micro_b, corexii_leaking_fountain
D:3:      layout_basic, nicolae_overflow_hidden_temple
D:4:      layout_basic, ebering_ghost_reflecting_pool
D:5:      layout_gridville, minmay_temple_entry_proselytizer, serial_rivers,
          chequers_serial_rivers_micro_b, chequers_serial_rivers_micro_b,
          chequers_serial_rivers_small_b, chequers_serial_rivers_micro_c,
          kennysheep_dice, uniq_ijyb

Skill      XL: |  1  2  3  4  5  6 |
---------------+-------------------+-----
Axes           | 4 5 6 7 |  7.0
Armour         | 2 |  2.5
Fighting       | |  2.8
Throwing       | |  1.0
Dodging        | |  2.1
Spellcasting   | |  2.0
Translocations | |  2.4

Action                   |  1- 3 |  4- 6 || total
-------------------------+-------+-------++-------
Melee: Hand axe          |    85 |   158 ||   243
       Kick              |    22 |    50 ||    72
       Peck              |     6 |    20 ||    26
       Punch             |       |     1 ||     1
Throw: Boomerang         |     7 |    25 ||    32
  Use: Scroll            |     1 |     4 ||     5
       Potion            |     1 |     1 ||     2
Armor: Leather armour    |     6 |       ||     6
       Scale mail        |    17 |    37 ||    54
       Chain mail        |       |     4 ||     4
Dodge: Dodged            |    48 |    61 ||   109

Table legend:
 A = Non-vault XP
 B = Vault XP
 C = Vault XP percentage of total XP
 D = Non-vault monster count
 E = Vault monster count
 F = Vault count percentage of total count
                 A         B        C        D         E       F
            +---------+---------+-------+---------+---------+-------
      Total |     568 |       0 |   0.0 |      83 |       0 |   0.0
            +---------+---------+-------+---------+---------+-------
        D:1 |      32 |       0 |   0.0 |      17 |       0 |   0.0
        D:2 |      66 |       0 |   0.0 |      25 |       0 |   0.0
        D:3 |      34 |       0 |   0.0 |      14 |       0 |   0.0
        D:4 |     346 |       0 |   0.0 |      25 |       0 |   0.0
        D:5 |      90 |       0 |   0.0 |       2 |       0 |   0.0
            +---------+---------+-------+---------+---------+-------
